 Dungeon Crawl Stone Soup version 0.30-a0-652-gcc886f7154 (webtiles) character file.

Game seed: 6340122790376094357

137 Newt the Shooter (level 5, -1/33 HPs)
             Began as a Kobold Hunter on Jan 17, 2023.
             Slain by a wight
             ... wielding a +0 scimitar of distortion
              (11 damage)
             ... on level 3 of the Dungeon.
             The game lasted 00:02:43 (3010 turns).

Newt the Shooter (Kobold Hunter)                    Turns: 3010, Time: 00:02:43

Health: -1/33      AC:  6    Str:  8    XL:     5   Next: 43%
Magic:  5/5        EV: 29    Int: 11    God:
Gold:   163        SH:  4    Dex: 20    Spells: 4/4 levels left

rFire   + + .      SeeInvis .    f - +10 short sword of a Gauntlet {freeze, rF++}
rCold   . . .      Faith    .    k - +0 buckler
rNeg    . . .      Spirit   .    c - +0 leather armour
rPois   .          Reflect  .    i - +2 helmet
rElec   .          Harm     .    (no cloak)
rCorr   .          Rampage  .    (no gloves)
Will    .....                    (no boots)
Stlth   +++                      d - amulet of the acrobat
HPRegen 0.25/turn                (no ring)
MPRegen 0.09/turn                (no ring)

@: lethally poisoned (-1 -> -2), acrobatic
A: small, no large weapons, nightstalker 3
a: no special abilities


You were on level 3 of the Dungeon.
You visited 1 branch of the dungeon, and saw 4 of its levels.

You collected 163 gold pieces.

Inventory:

Hand Weapons
 a - a +0 shortbow
 f - the +10 short sword of a Gauntlet (weapon) {freeze, rF++}
   (You found it on level 2 of the Dungeon)

   rF:        It greatly protects you from fire.
 h - a +1 dagger of venom
Armour
 c - a +0 leather armour (worn)
 i - a +2 helmet (worn)
 k - a +0 buckler (worn)
Jewellery
 d - an amulet of the acrobat (around neck)
Scrolls
 b - 3 scrolls of immolation
Potions
 j - a potion of attraction
 l - a potion of ambrosia {unknown}


   Skills:
 - Level 4.0 Fighting
 + Level 4.0 Short Blades
 - Level 5.3 Ranged Weapons
 - Level 2.4 Dodging
 - Level 3.0 Stealth


You had 4 spell levels left.
You didn't know any spells.
Your spell library contained the following spells:

 Spells                   Type           Power      Damage    Failure   Level
 Lesser Beckoning         Tloc           0%         N/A       77%         2
 Static Discharge         Conj/Air       0%         2-2/arc   77%         2
 Gell's Gravitas          Tloc           0%         N/A       94%         3
 Ozocubu's Armour         Ice            0%         N/A       94%         3
 Teleport Other           Tloc           0%         N/A       94%         3
 Vhi's Electric Charge    Tloc/Air       0%         N/A       94%         3
 Arcjolt                  Conj/Air       0%         1d10      100%        5
 Blade Hands              Tmut           0%         N/A       100%        5
 Lightning Bolt           Conj/Air       0%         1d11      100%        5
 Eringya's Noxious Bog    Tmut/Pois      0%         N/A       100%        6
 Statue Form              Tmut/Erth      0%         N/A       100%        6
 Ozocubu's Refrigeration  Ice            0%         4d7       100%        7


Dungeon Overview and Level Annotations

Branches:
Dungeon (4/15)
 Temple: D:4-7

Altars:

Annotations:
D:3 Edmund


Innate Abilities, Weirdness & Mutations

You are small and have problems with some larger weapons.
You are completely attuned to the shadows.


Message History

As you read the scroll labelled ZIADGH MOIRUEGG, it crumbles to dust.
It is a scroll of identify.
j - a potion of attraction You now have 163 gold pieces (gained 11).
Edmund the Younger comes into view.
He is wielding a +3 flail of holy wrath.
An orc comes into view.
It is wielding a +0 short sword and wearing a +1 leather armour of cold resistance.
Edmund closely misses you.
You puncture Edmund! You freeze Edmund.
Edmund is moderately wounded.
You barely miss Edmund.
Edmund is moderately wounded.
Edmund misses you.
An orc comes into view. It is wielding a +0 dagger.
A gnoll comes into view. It is wielding a +0 flail.
Edmund attacks as you move away! Edmund closely misses you.
Edmund attacks as you move away! Edmund completely misses you.
Edmund clears his throat.
Edmund attacks as you move away! Edmund completely misses you.
Edmund attacks as you move away! Edmund misses you.
An adder comes into view.
A wight comes into view.
It is wielding a +0 scimitar of distortion.
You block the wight's attack. The adder completely misses you.
Edmund attacks as you move away! Edmund misses you.
The wight hits you but does no damage. Space warps horribly around you!
The adder completely misses you.
There is a stone staircase leading up here.
The adder bites you.
You are poisoned.
The adder poisons you!
Edmund hits you with a +3 flail of holy wrath.
The wight closely misses you.
You climb upwards.
You feel sick.
There is a stone staircase leading down here.
Unknown command.
The adder attacks as you move away! The adder bites you.
You feel sick. The wight completely misses you.
The adder bites you but does no damage.
You feel sick. The wight attacks as you move away!
The wight hits you with a +0 scimitar of distortion!
You die...

##### ##...## #########
#.###.####### #.......#
###.# #........
#.#####@#
#...###.######.
#.#####>####.##.....#
#.
#.##...Sz@...###...##
#. #.......###### ##.##
####. ####.#### #.#
#.... #.# #.# #.##. #.#
##'## #.##. #.#
##...###.##. #.####
##.....##.##. #.##.##
##.......#....
#.#...####.........###.


You could see a wight and an adder.

Vanquished Creatures
  4 gnolls (D:3)
  5 adders
  A worm (D:2)
  An orc (D:3)
  4 ball pythons
  4 bats
  An endoplasm (D:2)
  A giant cockroach (D:3)
  7 goblins
  11 hobgoblins
  2 quokkas
  A frilled lizard (D:2)
  3 kobolds
  4 rats
49 creatures vanquished.

Notes
Turn   | Place    | Note
-------+----------+-------------------------------------------
     0 | D:1      | Newt the Kobold Hunter began the quest for the Orb.
     0 | D:1      | Reached XP level 1. HP: 12/12 MP: 1/1
   359 | D:1      | Reached XP level 2. HP: 17/17 MP: 2/2
  1140 | D:2      | Identified the +10 short sword of a Gauntlet {freeze, rF++}
  1219 | D:2      | Reached XP level 3. HP: 23/23 MP: 3/3
  1932 | D:3      | Reached XP level 4. HP: 29/29 MP: 4/4
  2075 | D:3      | Reached skill level 1 in Short Blades
  2101 | D:3      | Reached XP level 5. HP: 9/33 MP: 5/5
  2395 | D:3      | Got Amoren Oreck's Almanac of Transfiguration
  2992 | D:4      | Noticed Edmund
  3006 | D:4      | Identified the +1 chain mail of the Doldrums {Will+ Stlth+}
  3010 | D:3      | Slain by a wight

Illustrated notes

Levels and vault maps discovered:
D:1:      scummos_arrival_star, layout_loops_corners
D:2:      layout_loops_ring, serial_rivers, chequers_serial_rivers_marsh,
          chequers_serial_rivers_micro_d, chequers_serial_rivers_room_a,
          chequers_serial_rivers_marsh
D:3:      layout_loops_corners
D:4:      layout_basic, nicolae_overflow_hallway_of_the_gods,
          ebering_ghost_sewer_d, uniq_natasha, uniq_edmund

Skill      XL: |  1  2  3  4  5 |
---------------+----------------+-----
Stealth        | 2 3 |  3.0
Fighting       | 3 4 |  4.0
Short Blades   | 2 4 |  4.0
Ranged Weapons | |  5.3
Dodging        | |  2.4

Action                   |  1- 3 |  4- 6 || total
-------------------------+-------+-------++-------
Melee: Dagger            |    25 |       ||    25
       Short sword       |     7 |    34 ||    41
 Fire: Shortbow          |    26 |       ||    26
  Use: Scroll            |     7 |     2 ||     9
 Stab: Sleeping          |    15 |     3 ||    18
Armor: Leather armour    |     3 |     5 ||     8
Dodge: Dodged            |    20 |    29 ||    49
Block: Buckler           |       |    12 ||    12

Table legend: (Time is in decaauts)
 A = Elapsed time spent in this place.
 B = Non-inter-level travel time spent in this place.
 C = Inter-level travel time spent in this place.
 D = Time resting spent in this place.
 E = Time spent auto-exploring this place.
 F = Levels seen in this place.
 G = Mean time per level.
                   A        B        C        D        E       F      G
               +--------+--------+--------+--------+--------+-----+--------+
         Total |   3018 |   2965 |     53 |    349 |   2264 |   4 |  754.5 |
       Dungeon |   3018 |   2965 |     53 |    349 |   2264 |   4 |  754.5 |
               +--------+--------+--------+--------+--------+-----+--------+

Top non-repeatable levels by time:
     D:3: 1165 daAuts
     D:1: 1066 daAuts
     D:2: 757 daAuts
     D:4: 29 daAuts
